 Dungeon Crawl Stone Soup version 0.18-a0-1526-gcb34c7c (webtiles) character file.

1232 GrosslyIncandescent the Insei (level 8, -1/63 HPs)
             Began as a Mummy Monk on Mar 8, 2016.
             Slain by an orc
             ... wielding a +0 flail
              (7 damage)
             ... on level 3 of the Dungeon.
             The game lasted 00:15:11 (10411 turns).

GrosslyIncandescent the Insei (Mummy Monk)         Turns: 10411, Time: 00:15:11

Health: -1/63      AC:  3    Str: 15    XL:     8   Next: 24%
Magic:  8/8        EV: 15    Int:  9    God:
Gold:   256        SH:  5    Dex: 16    Spells: 0 memorised, 7 levels left

rFire  x . .     SeeInvis .       - Unarmed
rCold  + . .     Gourm    .     (no armour)
rNeg   + + +     Faith    .     f - +0 buckler
rPois  ∞         Spirit   .     a - +2 hat
rElec  .         Dismiss  .     (no cloak)
rCorr  .         Reflect  .     j - +0 pair of gloves
SustAt .         Harm     .     (no boots)
MR     +....                    (no amulet)
Stlth  ++........               (no ring)
                                (no ring)

@: somewhat resistant to hostile enchantments, unstealthy
A: no food or potions, fire vulnerability, cold resistance 1, negative energy
resistance 3, torment resistance, unbreathing
a: no special abilities


You were on level 3 of the Dungeon.
You were not hungry.

You visited 2 branches of the dungeon, and saw 6 of its levels.

You collected 256 gold pieces.


Innate Abilities, Weirdness & Mutations

You do not eat or drink.
Your flesh is vulnerable to fire.
You are immune to poison.
Your flesh is cold resistant.
You are immune to negative energy.
You are immune to unholy pain and torment.
You can survive without breathing.


   Skills:
 - Level 5.4 Fighting
 - Level 4.7 Dodging
 - Level 1.5 Stealth
 - Level 4.0 Shields
 + Level 5.5 Unarmed Combat


You had 7 spell levels left.
You didn't know any spells.

Inventory:

Missiles
 n - 5 large rocks (quivered) {=f}
Armour
 a - a +2 hat (worn)
 e - a +0 helmet
 f - a +0 buckler (worn)
 j - a +0 pair of gloves (worn)
Jewellery
 k - an uncursed ring of flight
Scrolls
 b - a scroll of magic mapping {unknown}
 c - 3 scrolls of identify {unknown}
 d - 4 scrolls of remove curse {unknown}
 g - a scroll of blinking {unknown}
 h - 2 scrolls of enchant weapon {unknown}
 i - a scroll of amnesia {unknown}
 l - a scroll of random uselessness {unknown}
 m - 3 scrolls of fog {unknown}

Dungeon Overview and Level Annotations

Branches:
Dungeon (5/15)             Temple (1/1) D:4

Altars:
Ashenzari
Dithmenos
Xom

Annotations:
D:2 exclusion: downstairs
D:3 exclusion: downstairs, Grinder, Sigmund
D:4 exclusion: upstairs

▒▒▒........ ..▒
▒.▒▒▒▒..▒▒▒▒
▒.▒..▒.▒▒ ▒.▒▒▒▒
▒...........
▒........
.)...▒▒▒▒▒▒▒▒▒▒▒▒▒▒▒▒
▒.▒..▒.▒▒ ▒... ...▒
▒......▒▒▒▒.▒▒.▒ .▒
▒▒▒ .▒...<.....▒ .▒
.....▒▒▒▒.▒▒▒▒ .▒ ...
▒.▒▒▒▒▒.▒ . ▒#ooMo..▒
▒.▒▒▒▒▒▒▒ ▒.▒▒▒ ▒...▒
▒▒▒ ▒▒▒▒▒▒▒.▒ ▒▒▒▒..
..▒ ▒.▒ ...▒.▒▒▒▒▒.▒
▒.▒ ▒▒.▒....<..▒▒▒▒.▒
▒▒.▒.▒▒.....(...▒


You could see an orc wizard and 2 orcs.


Message History

Something barely misses you!
You pulverise something but do no damage!
The bat barely misses you! x2; Something hits you! * * * don't die
* * * You block the bat's attack!
An orc comes into view! It is wielding a flail!
You beat something into a bloody pulp!!!
The bat misses you!
The orc wizard gestures wildly while chanting!
The orc wizard blinks!!!
You hear some strange, mumbled words!
A puff of flame appears from out of thin air!!!
The puff of flame misses you!
The puff of flame hits the bat!
The bat dies!!!
You barely miss something!
The orc hits you with a flail! * * * don't die
* * * Something hits you! * * * don't die
* * * You squash something like an ant!
Reactivating autopickup!
You feel a bit more experienced!
The orc wizard gestures wildly while chanting!
The orc wizard blinks!!!
The orc hits you with a flail! * * * don't die
* * * You block the orc's attack!
Things that are here:
a dagger; a robe; an orc corpse You barely miss the orc!
The orc closely misses you!
You closely miss the orc! The orc hits you with a flail!!! rip

Action                   |  1- 3 |  4- 6 |  7- 9 || total
-------------------------+-------+-------+-------++-------
Melee: Unarmed           |   149 |   303 |   355 ||   807
 Stab: Sleeping          |       |     4 |     1 ||     5
       Distracted        |       |       |     1 ||     1

Vault maps used:
D:1:      dpeg_arrival_oval, nrook_loot_triangle
D:2:      grunt_dithmenos_smoke, first_bread
D:3:      ashenzari_conservatory_becter, lightli_corner_chamber, uniq_sigmund,
          uniq_grinder
D:4:      minmay_temple_entry_large_hall
D:5:      basic_altar
Temple:   bh_familiar_temple

Notes
Turn   | Place    | Note
--------------------------------------------------------------
     0 | D:1      | GrosslyIncandescent the Mummy Monk began the quest for the Orb.
     0 | D:1      | Reached XP level 1. HP: 18/18 MP: 1/1
   262 | D:1      | Reached XP level 2. HP: 21/24 MP: 2/2
   711 | D:2      | Reached skill level 4 in Unarmed Combat
   815 | D:2      | Reached XP level 3. HP: 22/29 MP: 3/3
  1453 | D:2      | Found a shadowy altar of Dithmenos.
  1582 | D:2      | Reached skill level 1 in Shields
  1616 | D:2      | Reached XP level 4. HP: 20/35 MP: 4/4
  3753 | D:1      | Reached skill level 2 in Shields
  4104 | D:3      | Noticed Grinder
  4515 | D:3      | Reached XP level 5. HP: 35/41 MP: 5/5
  4590 | D:3      | Found a shattered altar of Ashenzari.
  4790 | D:3      | Paralysed by Grinder for 3 turns
  4803 | D:4      | Noticed an ogre
  5132 | D:4      | Reached skill level 5 in Unarmed Combat
  5613 | D:4      | Noticed an ogre
  5653 | D:4      | Found a staircase to the Ecumenical Temple.
  5655 | D:4      | Noticed an ogre
  5692 | D:4      | Reached skill level 4 in Fighting
  5692 | D:4      | Reached XP level 6. HP: 33/48 MP: 6/6
  5802 | D:5      | Entered Level 5 of the Dungeon
  5808 | D:5      | Noticed an ice beast
  6190 | D:5      | Reached skill level 5 in Fighting
  6423 | D:5      | Killed an ice beast
  6423 | D:5      | Reached XP level 7. HP: 23/56 MP: 7/7
  6650 | D:5      | Reached skill level 3 in Shields
  6862 | D:3      | Paralysed by Grinder for 6 turns
  7902 | D:5      | Found a shimmering altar of Xom.
  7976 | D:5      | Reached skill level 4 in Shields
  8289 | D:5      | Reached skill level 3 in Dodging
  8748 | Temple   | Entered the Ecumenical Temple
  9119 | Temple   | Reached skill level 4 in Dodging
  9143 | D:4      | Reached XP level 8. HP: 45/63 MP: 8/8
  9597 | D:4      | Found a staircase to the Ecumenical Temple.
 10265 | D:3      | Noticed Sigmund
 10408 | D:3      | HP: 5/63 [orc/flail (3)]
 10411 | D:3      | Slain by an orc

Vanquished Creatures
  An ice beast (D:5)
  3 ogres
  2 centaurs (D:5)
  A giant frog (D:5)
  A scorpion (D:4)
  2 crimson imps (D:5)
  A hound (D:4)
  A centaur skeleton (D:4)
  3 orc wizards
  An orc priest (D:4)
  2 iguanas (D:5)
  A worker ant (D:4)
  2 hound zombies (D:5)
  3 gnolls (D:5)
  13 adders
  2 oozes
  3 worms
  2 dart slugs
  4 giant geckos
  8 orcs
  6 bats
  4 giant cockroaches
  9 goblins
  9 hobgoblins
  12 jackals
  2 quokkas
  3 ball pythons
  7 giant newts
  7 kobolds
  8 rats
123 creatures vanquished.

Vanquished Creatures (others)
  A bat (D:3)
1 creature vanquished.

Grand Total: 124 creatures vanquished
